 Dungeon Crawl Stone Soup version 0.31-a0-1-g4198be8af4 (webtiles) character file.

Game seed: 1807952070506605059

2609 Jarnaxa the Cleaver (level 9, -1/79 HPs)
             Began as a White Draconian Berserker on May 2, 2023.
             Was a Priest of Trog.
             Slain by a troll (14 damage)
             ... on level 6 of the Dungeon.
             The game lasted 00:12:12 (5470 turns).

Jarnaxa the Cleaver (White Draconian Berserker)     Turns: 5470, Time: 00:12:12

Health: -1/79      AC: 10    Str: 21    XL:     9   Next: 34%
Magic:  0/9        EV: 14    Int:  8    God:    Trog [***...]
Gold:   293        SH:  0    Dex: 13    Spells: 8/8 levels left

rFire   . . .        w - +4 battleaxe
rCold   + . .        (shield currently unavailable)
rNeg    . . .        (body armour unavailable)
rPois   .            (helmet restricted)
rElec   .            (no cloak)
rCorr   .            (no gloves)
SInv    .            l - +2 pair of boots
Will    ++...        j - amulet of guardian spirit
Stlth   +++          (no ring)
HPRegen 1.33/turn    (no ring)
MPRegen 0.11/turn

%: guardian spirit
@: mighty, short of breath, strong-willed (expiring), on berserk cooldown,
regenerating (expiring), slowed, studying Stealth, very slow
A: breathe frost, AC +7, unfitting armour, cold resistance 1, cold-blooded
a: Breathe Frost, Renounce Religion, Berserk, Trog's Hand


You were on level 6 of the Dungeon.
You worshipped Trog.
Trog was most pleased with you.
You visited 1 branch of the dungeon, and saw 6 of its levels.

You collected 293 gold pieces.

Inventory:

Hand Weapons
 w - a +4 battleaxe (weapon)
Armour
 l - a +2 pair of boots (worn)
Jewellery
 j - an amulet of guardian spirit (around neck)
Wands
 p - a wand of iceblast (16)
 s - a wand of flame (26)
Scrolls
 d - 2 scrolls of identify
 e - 2 scrolls of blinking
 f - a scroll of noise {unknown}
 i - 5 scrolls of amnesia
 o - 2 scrolls of enchant armour
 t - 3 scrolls of fear
 u - a scroll of teleportation {unknown}
 v - a scroll of fog {unknown}
Potions
 b - a potion of attraction {unknown}
 c - 3 potions of degeneration {unknown}
 h - a potion of magic {unknown}
 m - 2 potions of might
 n - a potion of curing
 q - a potion of flight {unknown}
 r - 2 potions of brilliance {unknown}


   Skills:
 + Level 7.4 Fighting
 + Level 9.3 Axes
 + Level 5.7 Dodging
 + Level 4.7 Stealth


You had 8 spell levels left.
You didn't know any spells.
Your spell library was empty.

Dungeon Overview and Level Annotations

Branches:
Dungeon (6/15)             Temple (0/1) D:6

Altars:
Ashenzari
Ru
Uskayaw
Yredelemnul

Annotations:
D:3 1 runed translucent door, Numeracy's ghost, amateur TrBe


Innate Abilities, Weirdness & Mutations

You can breathe waves of freezing cold which knock back foes.
Your icy white scales are hard. (AC +7)
You cannot fit into any form of body armour.
Your flesh is cold resistant. (rC+)
You are cold-blooded and may be slowed by cold attacks.


Message History

The gnoll hits you but does no damage.
You see here a yellow potion.
You slice the gnoll!!
You kill the gnoll!
Trog accepts your kill. The yak completely misses you.
You slice the yak!!
The yak is severely wounded.
The yak misses you.
You slice the yak!!
Your tail-slap misses the yak.
The yak is almost dead.
You slash the yak!
You kill the yak!
Trog accepts your kill. Something hits you. The yak gores you!
* * * LOW HITPOINT WARNING * * *
The troll bites you.
* * * LOW HITPOINT WARNING * * *
The troll claws you but does no damage. The troll barely misses you.
Aiming: Breathe Frost (4% risk of failure)
Press: ? - help, Shift-Dir - straight line, f - yak
Aim: a yak (81% to hit)
You exhale a wave of freezing cold.
The freezing breath hits the troll.
The troll is lightly wounded.
The troll is knocked back by the freezing wind.
The troll collides with the yak!
The troll is moderately wounded.
The freezing breath hits the yak!
The yak is moderately wounded.
You feel the effects of Trog's Hand fading.
Something hits you but does no damage. The yak gores you but does no damage.
The troll barely misses you. The troll claws you!
* * * LOW HITPOINT WARNING * * *
The troll claws you.
* * * LOW HITPOINT WARNING * * *
Something hits you.
* * * LOW HITPOINT WARNING * * *
The yak gores you but does no damage.
You feel better. The troll bites you!
You die...

'?##.# #.#.###.#.#
####.# #...###.#.#
####.# ##......#.#
#8##.# #..#####
.###.#####..###
..............#
###..#...#..#.#######
#...###...#.#♣8♣#.#
###..## ##..#.#Y@†#.##
....## ###.#.##T##..#
##<.# #...###.Y.#.##
#..## #.......Y....#
#.#.## #..........).#
#.##.###.######.###.'...
#.##.............#
.')...
#.##...#...#.....#
##....
#.#....#.⌠.#.....# ....


You could see 3 yaks and a troll.

Vanquished Creatures
  The ghost of laial the Sneak, a novice VSEn of Dithmenos (D:6)
  Grinder (D:3)
  Sigmund (D:2)
  A yak (D:6)
  3 water moccasins
  A hornet zombie (D:6)
  A black bear (D:3)
  2 ogres (D:5)
  3 wights (D:6)
  A howler monkey (D:5)
  A centaur zombie (D:6)
  A human zombie (D:6)
  4 hounds
  2 orc priests (D:4)
  2 bullfrog zombies (D:6)
  2 sleepcaps
  Jessica (D:2)
  4 iguanas
  Natasha (thrice) (D:2)
  An orc wizard (D:4)
  2 killer bee zombies (D:6)
  2 mummies (D:6)
  4 adders
  14 gnolls
  A shadow imp (D:5)
  A white imp (D:5)
  4 worms
  2 dart slugs
  7 orcs
  8 endoplasms
  2 giant cockroaches
  7 hobgoblins
  4 jackals (D:1)
  5 kobolds
  6 quokkas
  6 ball pythons
  A bat (D:2)
  4 frilled lizards
  6 goblins
  3 rats
125 creatures vanquished.

Notes
Turn   | Place    | Note
-------+----------+-------------------------------------------
     0 | D:1      | Jarnaxa the Draconian Berserker began the quest for the
                  | Orb.
     0 | D:1      | Reached XP level 1. HP: 19/19 MP: 1/1
   139 | D:1      | Reached XP level 2. HP: 4/26 MP: 2/2
   902 | D:2      | Noticed Natasha
   910 | D:2      | Killed Natasha
   911 | D:2      | Reached XP level 3. HP: 33/33 MP: 3/3
  1006 | D:2      | Noticed Jessica
  1010 | D:2      | Reached XP level 4. HP: 41/41 MP: 4/4
  1018 | D:2      | Killed Jessica
  1018 | D:2      | Reached ** piety under Trog
  1226 | D:2      | Reached skill level 4 in Axes
  1362 | D:2      | Noticed Sigmund
  1364 | D:2      | Found a hide-covered altar of Uskayaw.
  1374 | D:2      | Killed Sigmund
  1375 | D:2      | Reached skill level 5 in Fighting
  1375 | D:2      | Reached skill level 5 in Axes
  1375 | D:2      | Reached XP level 5. HP: 48/48 MP: 3/5
  1375 | D:2      | Reached XP level 6. HP: 56/56 MP: 3/6
  1460 | D:2      | Noticed Natasha
  1471 | D:2      | Killed Natasha
  2203 | D:2      | Noticed Natasha
  2218 | D:2      | Killed Natasha
  2570 | D:3      | Reached skill level 1 in Stealth
  2590 | D:3      | Noticed Grinder
  2595 | D:3      | Paralysed by Grinder for 5 turns
  2608 | D:3      | Paralysed by Grinder for 3 turns
  2618 | D:3      | Killed Grinder
  2619 | D:3      | Reached skill level 6 in Axes
  2619 | D:3      | Your scales start taking on an icy white colour.
  2619 | D:3      | Reached XP level 7. HP: 26/62 MP: 3/7
  2619 | D:3      | Gained mutation: Your flesh is cold resistant. (rC+) [White
                  | Draconian growth]
  2921 | D:3      | Found a runed translucent door.
  2927 | D:3      | Noticed Numeracy's ghost (amateur TrBe)
  3160 | D:4      | Found a sacrificial altar of Ru.
  3162 | D:4      | Found a broken altar of Ashenzari.
  3796 | D:4      | Found a hide-covered altar of Uskayaw.
  4219 | D:5      | Entered Level 5 of the Dungeon
  4259 | D:5      | Reached skill level 7 in Axes
  4259 | D:5      | Reached XP level 8. HP: 44/70 MP: 5/8
  4597 | D:5      | Reached skill level 5 in Dodging
  4674 | D:5      | Reached *** piety under Trog
  4703 | D:5      | Reached skill level 8 in Axes
  5144 | D:6      | Found a staircase to the Ecumenical Temple.
  5370 | D:6      | Reached XP level 9. HP: 78/79 MP: 7/9
  5393 | D:6      | Found a basalt altar of Yredelemnul.
  5428 | D:6      | Found a runed translucent door.
  5429 | D:6      | Noticed laial's ghost (novice VSEn)
  5446 | D:6      | Killed laial's ghost
  5447 | D:6      | Reached skill level 9 in Axes
  5451 | D:6      | Noticed a troll
  5470 | D:6      | Slain by a troll

Illustrated notes

Levels and vault maps discovered:
D:1:      lightli_molten_gateway, layout_basic, grunt_decor_cap,
          minmay_tromino_i4
D:2:      layout_rooms, basic_altar, uniq_sigmund, uniq_natasha, uniq_jessica
D:3:      layout_loops_cross, gammafunk_ghost_grave, feat_on_display,
          uniq_grinder
D:4:      layout_loops_ring, old_standard_altar, nicolae_overflow_squiral,
          kennysheep_generic_room_14
D:5:      layout_rooms, minmay_manual_mandibuliform
D:6:      kennysheep_big_flooded_room, layout_loops_ring,
          lemuel_mausoleum_altar_yredelemnul, minmay_temple_entry_junction_2,
          serial_shops, shop, shop, nicolae_shop_tiny_real_fake_doors, shop,
          gammafunk_ghost_grave, minmay_small_thing

Skill      XL: |  1  2  3  4  5  6  7  8  9 |
---------------+----------------------------+-----
Dodging        | 3 4 5 |  5.7
Fighting       | 4 5 6 7 |  7.4
Axes           | 5 6 7 8 9 |  9.3
Stealth        | 1 2 3 4 |  4.7

Action                     |  1- 3 |  4- 6 |  7- 9 || total
---------------------------+-------+-------+-------++-------
  Melee: Hand axe          |    53 |   128 |   218 ||   399
         Tailslap          |     3 |    22 |    44 ||    69
         Punch             |       |     2 |     6 ||     8
         Battleaxe         |       |       |    49 ||    49
 Invoke: Berserk           |     1 |     3 |     1 ||     5
         Trog's Hand       |       |       |     2 ||     2
Ability: Breathe Frost     |       |       |     7 ||     7
    Use: Scroll            |       |       |    13 ||    13
         Potion            |       |       |     5 ||     5
   Stab: Sleeping          |       |     1 |    13 ||    14
 Armour: Skin              |    18 |    50 |   107 ||   175
  Dodge: Dodged            |    28 |    76 |   179 ||   283

Table legend: (Time is in decaauts)
 A = Elapsed time spent in this place.
 B = Non-inter-level travel time spent in this place.
 C = Inter-level travel time spent in this place.
 D = Time resting spent in this place.
 E = Time spent auto-exploring this place.
 F = Levels seen in this place.
 G = Mean time per level.
                   A        B        C        D        E       F      G
               +--------+--------+--------+--------+--------+-----+--------+
         Total |   5535 |   5456 |     79 |    300 |   3783 |   6 |  922.5 |
       Dungeon |   5535 |   5456 |     79 |    300 |   3783 |   6 |  922.5 |
               +--------+--------+--------+--------+--------+-----+--------+

Top non-repeatable levels by time:
     D:2: 1373 daAuts
     D:4: 1130 daAuts
     D:1: 906 daAuts
     D:5: 871 daAuts
     D:3: 864 daAuts
     D:6: 388 daAuts
